Map: [ESL] Gresvan

Players

Has

  • Race: Protoss Protoss
  • Spawn Location: 11:00

Lambo - Winner!

  • Race: Zerg Zerg
  • Spawn Location: 5:00

Event: ESL SC2 Masters 2023 Summer (Finals)

VOD

Have the link to the VOD?

Description

Time

  • Played on: June 17, 2023, 6:44 a.m.
  • Length: 3:52

All games in this series

Show
View Real Time Build Order
Export as new Build Order

Has Protoss 

Build Orders:  

Get SALT Encoding   

  12  0:01  Probe  
  13  0:13  Probe  
  14  0:25  Probe  
  15  0:31  Pylon  
  16  0:50  Gateway  
  16  0:51  Gateway  
  15  0:58  Gateway  
  15  1:00  Probe  
  16  1:10  Pylon  
  16  1:13  Probe  
  17  1:25  Probe  
  18  1:37  Probe  
  18  1:38  Zealot x2 (Chrono Boost)  
  21  1:43  Pylon  
  23  1:51  Zealot (Chrono Boost)  
  25  1:58  Zealot (Chrono Boost)  
  29  2:02  Zealot (Chrono Boost)  
  31  2:20  Zealot (Chrono Boost)  
  31  2:21  Zealot (Chrono Boost)  
  33  2:24  Probe  
  33  2:25  Zealot (Chrono Boost)  
  36  2:41  Zealot  
  39  2:48  Assimilator  
  38  2:54  Probe  
  39  3:03  Cybernetics Core  
  39  3:23  Zealot (Chrono Boost)  
  39  3:24  Zealot (Chrono Boost)  
  34  3:29  Zealot (Chrono Boost)  
  27  3:34  Probe  
Show
View Real Time Build Order
Export as new Build Order

Lambo Zerg - Winner!

Build Orders: Hatch First 

Get SALT Encoding   

  12  0:00  Drone  
  13  0:12  Overlord  
  13  0:17  Drone  
  14  0:30  Drone x2  
  16  0:47  Hatchery  
  15  0:50  Drone  
  15  0:54  Drone  
  18  0:57  Drone  
  18  1:07  Extractor  
  17  1:12  Spawning Pool  
  17  1:15  Drone  
  18  1:18  Drone  
  18  1:27  Drone  
  19  1:38  Drone  
  20  1:50  Drone  
  21  1:59  Queen x2  
  21  2:00  Overlord, Zergling x2  
  26  2:10  Metabolic Boost  
  26  2:14  Spine Crawler, Zergling x2  
  26  2:16  Zergling x2  
  27  2:28  Zergling x4  
  27  2:29  Spine Crawler  
  28  2:33  Zergling x2  
  29  2:38  Zergling x2  
  30  2:44  Zergling x4  
  32  2:53  Zergling x4  
  34  3:04  Zergling x4  
  32  3:13  Queen  
  32  3:18  Zergling x4  
  33  3:25  Zergling x2  
  33  3:29  Zergling x2  
Tags
 
Add a new tag
Caveats
  • Supply blocks, unpowered buildings, or Contaminate may cause inaccurate times.
  • Supply counts are checked every 10 seconds.